 Dungeon Crawl Stone Soup version 0.22.1-1-ga44c0e5 (webtiles) character file.

569 Fang the Chopper (level 7, 0/44 HPs)
             Began as a Gargoyle Berserker on Sept 24, 2018.
             Was a Priest of Trog.
             Slain by a white imp (1 damage)
             ... summoned by Eustachio
             ... on level 4 of the Dungeon.
             The game lasted 00:03:29 (3159 turns).

Fang the Chopper (Gargoyle Berserker)               Turns: 3159, Time: 00:03:30

Health: 0/44       AC: 10    Str: 27    XL:     7   Next: 33%
Magic:  7/7        EV: 13    Int: 13    God:    Trog [***...]
Gold:   210        SH:  0    Dex:  9    Spells: 6/6 levels left

rFire    + . .     SeeInvis .   a - +0 hand axe
rCold    + . .     Gourm    .   (no shield)
rNeg     + . .     Faith    .   b - +0 animal skin
rPois    ∞         Spirit   .   (no helmet)
rElec    +         Reflect  .   g - scarf {rC+ rF+}
rCorr    .         Harm     .   p - +2 pair of gloves
MR       .....                  (no boots)
Stlth    ++........             (no amulet)
HPRegen  0.14/turn              (no ring)
MPRegen  0.10/turn              (no ring)

@: mighty, brilliant, berserk cooldown, slowed, very slow
A: negative energy resistance 1, electricity resistance, unbreathing,
petrification resistance, rot immunity, AC +4
a: Berserk, Trog's Hand, Renounce Religion


You were on level 4 of the Dungeon.
You worshipped Trog.
Trog was most pleased with you.
You were not hungry.

You visited 1 branch of the dungeon, and saw 4 of its levels.

You collected 210 gold pieces.

Inventory:

Hand Weapons
 a - a +0 hand axe (weapon)
Armour
 b - a +0 animal skin (worn)
 g - a scarf of resistance (worn)
 p - a +2 pair of gloves (worn)
Wands
 n - a wand of flame (28)
 u - a wand of random effects (14)
Scrolls
 d - a scroll of magic mapping {unknown}
 e - 5 scrolls of teleportation {unknown}
 f - a scroll of fog {unknown}
 h - 5 scrolls of identify {unknown}
 i - 5 scrolls of remove curse {unknown}
 k - a scroll of enchant armour {unknown}
 l - 4 scrolls of random uselessness {unknown}
 t - a scroll of amnesia {unknown}
 w - a scroll of enchant weapon {unknown}
Potions
 j - a potion of might
 m - a potion of magic {unknown}
 o - a potion of flight {unknown}
 q - 2 potions of brilliance
 r - a potion of heal wounds {unknown}
 s - 2 potions of curing {unknown}
 v - a potion of haste {unknown}
 x - a potion of degeneration {unknown}
Comestibles
 c - 10 rations


   Skills:
 + Level 5.0 Fighting
 + Level 5.5 Axes
 + Level 2.2 Armour
 + Level 3.2 Dodging
 + Level 2.6 Stealth


You had 6 spell levels left.
You didn't know any spells.
Your spell library was empty.

Dungeon Overview and Level Annotations

Branches:
Dungeon (4/15)
 Temple: D:4-7

Altars:

Shops:
D:4 [

Annotations:
D:4 Eustachio


Innate Abilities, Weirdness & Mutations

You are resistant to torment.
Your stone body is resilient. (AC +4)
You are immune to poison.
You resist negative energy. (rN+)
You are resistant to electric shocks. (rElec)
You can survive without breathing.
You are immune to petrification.
You are immune to rotting.


Message History

It was a potion of might.
You feel very mighty all of a sudden.
The shadow imp disappears in a puff of smoke!
The quokka completely misses you. Eustachio hits you but does no damage.
The white imp gestures at you. The puff of frost hits you! You resist.
* * * LOW HITPOINT WARNING * * *
The river rat bites you.
* * * LOW HITPOINT WARNING * * *
The shadow imp closely misses you.
The quokka bites you but does no damage.
Eustachio closely misses you.
It was a potion of brilliance.
You feel clever all of a sudden. The quokka closely misses you.
The white imp barely misses you. The shadow imp misses you.
The river rat bites you but does no damage.
Eustachio closely misses you. The quokka closely misses you.
The white imp hits you.
You die...

##...##.##.# #..#..#
##.####..#.#######..#
...# ##.#..........#
#### #.#..(.#####.#
#....#.#..[..#
######.#.#.#####
#......#.#r########
.......###.#@r5......
....... #.#.@5b.....
....... #.##§r......
....... #..+.......(
####.## #........ #.
#........ #.
#.......% #........
#........


You could see Eustachio, a river rat, a white imp, a shadow imp, 2 quokkas and a
bat.

Vanquished Creatures
  A phantom (D:4)
  An ogre (D:4)
  2 scorpions (D:4)
  An orc wizard (D:4)
  An orc priest (D:4)
  3 hounds (D:4)
  A hound skeleton (D:4)
  4 adders
  3 oozes
  An adder skeleton (D:4)
  2 dart slugs
  5 leopard geckos
  11 orcs
  A giant cockroach (D:2)
  2 hobgoblins
  4 jackals (D:4)
  A quokka (D:4)
  2 ball pythons (D:4)
  6 bats
  4 frilled lizards
  5 goblins
  8 kobolds
  9 rats
78 creatures vanquished.

Notes
Turn   | Place    | Note
-------+----------+-------------------------------------------
     0 | D:1      | Fang the Gargoyle Berserker began the quest for the Orb.
     0 | D:1      | Reached XP level 1. HP: 14/14 MP: 1/1
   315 | D:1      | Reached XP level 2. HP: 13/20 MP: 2/2
   735 | D:1      | Reached XP level 3. HP: 24/24 MP: 3/3
  1547 | D:3      | Reached skill level 1 in Stealth
  1552 | D:3      | Reached XP level 4. HP: 29/29 MP: 4/4
  1675 | D:3      | Reached ** piety under Trog
  2347 | D:4      | Reached XP level 5. HP: 19/33 MP: 5/5
  2559 | D:4      | Noticed an ogre
  2570 | D:4      | Killed an ogre
  2570 | D:4      | Reached XP level 6. HP: 39/39 MP: 6/6
  2632 | D:4      | Noticed a phantom
  2671 | D:4      | Reached *** piety under Trog
  2678 | D:4      | Killed a phantom
  2678 | D:4      | Reached skill level 5 in Axes
  2678 | D:4      | Reached XP level 7. HP: 10/44 MP: 7/7
  2959 | D:4      | Found Vusoopne's Antique Armour Shop.
  3120 | D:4      | Noticed Eustachio
  3140 | D:4      | Reached skill level 5 in Fighting
  3158 | D:4      | HP: 1/44 [river rat[Eustachio] (5)]
  3159 | D:4      | Slain by a white imp

Skill      XL: |  1  2  3  4  5  6  7 |
---------------+----------------------+-----
Axes           | 3 4 5 |  5.5
Fighting       | 4 5 |  5.0
Stealth        | 1 2 |  2.6
Dodging        | 2 3 |  3.2
Armour         | |  2.2

Action                   |  1- 3 |  4- 6 |  7- 9 || total
-------------------------+-------+-------+-------++-------
Melee: Hand axe          |    89 |   141 |    38 ||   268
Invok: Berserk           |     1 |     2 |     1 ||     4
  Use: Potion            |       |       |     2 ||     2
 Stab: Sleeping          |       |     2 |       ||     2
  Eat: Chunk             |     3 |     5 |     1 ||     9
       Ration            |       |       |     1 ||     1
Armor: Animal skin       |    27 |    74 |    31 ||   132
Dodge: Dodged            |    51 |   109 |    36 ||   196
